 Dungeon Crawl Stone Soup version 0.19-b1-3-g7dea586 (webtiles) character file.

118 tv1990 the Chopper (level 5, -11/41 HPs)
             Began as a Formicid Monk on Oct 28, 2016.
             Killed from afar by Sigmund (13 damage)
             ... with a wand of flame
             ... on level 2 of the Dungeon.
             The game lasted 00:03:39 (1551 turns).

tv1990 the Chopper (Formicid Monk)                  Turns: 1551, Time: 00:03:39

Health: -11/41     AC:  8    Str: 16    XL:     5   Next: 23%
Magic:  14/14      EV:  7    Int:  9    God:
Gold:   107        SH:  0    Dex: 14    Spells: 0 memorised, 4 levels left

rFire  . . .     SeeInvis +     a - +0 hand axe
rCold  . . .     Gourm    .     j - +0 chain mail
rNeg   . . .     Faith    .     (no shield)
rPois  .         Spirit   .     (helmet unavailable)
rElec  .         Reflect  .     (no cloak)
rCorr  .         Harm     .     (no gloves)
MR     .....                    (no boots)
Stlth  ..........               e - amulet of magic regeneration
                                (no ring)
                                f - ring of magical power

@: no status effects
A: permanent stasis, dig shafts and tunnels, four strong arms, antennae 3
a: Dig, Shaft Self


You were on level 2 of the Dungeon.
You were not hungry.

You visited 1 branch of the dungeon, and saw 2 of its levels.

You collected 107 gold pieces.

Inventory:

Hand Weapons
 a - a +0 hand axe (weapon)
Missiles
 o - 5 javelins (quivered)
Armour
 b - a +0 robe
 j - a +0 chain mail (worn)
Jewellery
 e - an amulet of magic regeneration (around neck)
 f - a ring of magical power (left hand)
Scrolls
 g - 2 scrolls of identify {unknown}
 i - a scroll of teleportation {unknown}
 k - a scroll of remove curse {unknown}
 m - a scroll of fear {unknown}
 p - a scroll of recharging {unknown}
Potions
 d - a potion of might {unknown}
 h - a potion of cancellation {unknown}
 l - a potion of flight {unknown}
 n - a potion of invisibility {unknown}
 r - a potion of agility {unknown}
Comestibles
 c - 2 bread rations


   Skills:
 - Level 3.2 Fighting
 + Level 5.5 Axes
 - Level 2.6 Dodging
 - Level 2.4 Stealth


You had 4 spell levels left.
You didn't know any spells.

Dungeon Overview and Level Annotations

Branches:
Dungeon (2/15)

Altars:

Annotations:
D:2 Sigmund


Innate Abilities, Weirdness & Mutations

You are under a permanent stasis effect.
You can dig through walls and to a lower floor.
Your four strong arms can wield two-handed weapons with a shield.
You have a pair of large antennae on your head. (SInv)


Message History

You hit Sigmund.
Sigmund is almost dead.
Sigmund closely misses you.
Your chain mail prevents you from hitting Sigmund.
Sigmund is almost dead.
Sigmund gestures at you while chanting. The magic dart hits you!
* * * LOW HITPOINT WARNING * * *
You closely miss Sigmund.
Sigmund is almost dead.
Sigmund points at you and mumbles some strange words.
You resist with some effort.
You hit Sigmund.
Sigmund is almost dead.
Sigmund zaps a wand.
The puff of flame hits you!
* * * LOW HITPOINT WARNING * * *
You closely miss Sigmund.
Sigmund is almost dead.
Sigmund zaps a wand.
The puff of flame hits you!
You die...

#..#.####.# #.#
#.#...
#..#.##.#.####.#
#.#.#.
#..#....#.#<...#
#.#.##
#..####.#.######
#.#..#
#.........#
#.##.#
#.#####.###
#.##.. #.#
#.#### #.#####.#
#..... #....@@.#
#.#### #######.#
#.# ### ###


You could see Sigmund (invisible).

Vanquished Creatures
  Jessica (D:2)
  Terence (D:2)
  2 adders (D:2)
  An ooze (D:2)
  A worm (D:2)
  2 dart slugs (D:1)
  4 bats
  5 giant cockroaches
  5 goblins
  2 hobgoblins (D:1)
  A jackal (D:2)
  5 kobolds
  A quokka (D:2)
  2 ball pythons (D:2)
  A frilled lizard (D:1)
  5 rats
39 creatures vanquished.

Notes
Turn   | Place    | Note
-------+----------+-------------------------------------------
     0 | D:1      | tv1990 the Formicid Monk began the quest for the Orb.
     0 | D:1      | Reached XP level 1. HP: 18/18 MP: 1/1
    53 | D:1      | Reached XP level 2. HP: 20/24 MP: 2/2
   568 | D:1      | Reached skill level 4 in Axes
   568 | D:1      | Reached XP level 3. HP: 21/29 MP: 3/3
   956 | D:2      | Noticed Jessica
   967 | D:2      | Killed Jessica
   967 | D:2      | Reached XP level 4. HP: 13/35 MP: 4/4
  1282 | D:2      | Reached skill level 5 in Axes
  1494 | D:2      | Noticed Terence
  1517 | D:2      | Killed Terence
  1517 | D:2      | Reached XP level 5. HP: 31/41 MP: 5/5
  1536 | D:2      | Noticed Sigmund
  1550 | D:2      | HP: 2/41 [Sigmund/wand of flame (10)]
  1551 | D:2      | Killed from afar by Sigmund

Skill      XL: |  1  2  3  4 |
---------------+-------------+-----
Axes           | 4 5 |  5.5
Fighting       | |  3.2
Dodging        | |  2.6
Stealth        | |  2.4

Action                   |  1- 3 |  4- 6 || total
-------------------------+-------+-------++-------
Melee: Hand axe          |    95 |   121 ||   216
 Stab: Sleeping          |     2 |       ||     2
  Eat: Chunk             |       |     2 ||     2
Armor: Robe              |     2 |       ||     2
       Chain mail        |    27 |    65 ||    92
Dodge: Dodged            |    36 |    44 ||    80

Table legend:
 A = Turns spent in this place as a percentage of turns spent in the entire game.
 B = Non-inter-level travel turns spent in this place as a percentage of non-inter-level travel turns spent in the entire game.
 C = Inter-level travel turns spent in this place as a percentage of turns spent in this place.
 D = Turns resting spent in this place as a percentage of non-inter-level travel turns spent in this place.
 E = Turns spent auto-exploring this place as a percentage of non-inter-level travel turns spent in this place.
 F = Non-inter-level travel turns spent in this place divided by the number of levels of this place that you've seen.
                   A       B       C       D       E      F
               +-------+-------+-------+-------+-------+----------------------
         Total | 100.0 | 100.0 |   0.4 |   2.9 |  17.9 | 223.5
       Dungeon | 100.0 | 100.0 |   0.4 |   2.9 |  17.9 | 223.5
               +-------+-------+-------+-------+-------+----------------------

Table legend:
 A = Kills in this place as a percentage of kills in entire the game.
 B = Kills by you in this place as a percentage of kills by you in the entire game.
 C = Kills by friends in this place as a percentage of kills by friends in the entire game.
 D = Other kills in this place as a percentage of other kills in the entire game.
 E = Experience gained in this place as a percentage of experience gained in the entire game.
 F = Experience gained in this place divided by the number of levels of this place that you have seen.
                   A       B       C       D       E      F
               +-------+-------+-------+-------+-------+----------------------
         Total | 100.0 | 100.0 |  -nan |  -nan | 100.0 |  84.5
       Dungeon | 100.0 | 100.0 |  -nan |  -nan | 100.0 |  84.5
               +-------+-------+-------+-------+-------+----------------------

Vault maps used:
D:1:      dpeg_arrival_line_fractal
D:2:      minmay_diamond_boxcup, uniq_sigmund, uniq_terence, uniq_natasha,
          uniq_jessica
